Workbook
Name \: #REF!
Name \0: #REF!
Name \a: #REF!
Name \b: #REF!
Name \c: #REF!
Name \d: #N/A
Name \e: #N/A
Name \f: #N/A
Name \g: #N/A
Name \h: #N/A
Name \i: #N/A
Name \j: #N/A
Name \l: #REF!
Name \m: #REF!
Name \n: #N/A
Name \o: #REF!
Name \p: #REF!
Name \q: #REF!
Name \r: #REF!
Name \s: #REF!
Name \t: #REF!
Name \u: #REF!
Name \w: #REF!
Name \y: #REF!
Name \z: #REF!
Name _: #REF!
Name ________________________________________________________________________________________________TT22: #REF!
Name _______________________________________________________________________________________________cab2: #REF!
Name _______________________________________________________________________________________________dd1: #REF!
Name _______________________________________________________________________________________________TT102: #REF!
Name _______________________________________________________________________________________________TT107: #REF!
Name _______________________________________________________________________________________________TT121: #REF!
Name _______________________________________________________________________________________________TT123: #REF!
Name _______________________________________________________________________________________________TT18: #REF!
Name _______________________________________________________________________________________________TT19: #REF!
Name _______________________________________________________________________________________________TT20: #REF!
Name _______________________________________________________________________________________________TT26: #REF!
Name _______________________________________________________________________________________________TT27: #REF!
Name _______________________________________________________________________________________________TT28: #REF!
Name _______________________________________________________________________________________________TT30: #REF!
Name _______________________________________________________________________________________________TT31: #REF!
Name _______________________________________________________________________________________________TT32: #REF!
Name _______________________________________________________________________________________________TT33: #REF!
Name _______________________________________________________________________________________________TT34: #REF!
Name _______________________________________________________________________________________________TT36: #REF!
Name _______________________________________________________________________________________________TT37: #REF!
Name _______________________________________________________________________________________________TT38: #REF!
Name _______________________________________________________________________________________________TT39: #REF!
Name _______________________________________________________________________________________________TT40: #REF!
Name _______________________________________________________________________________________________TT52: #REF!
Name _______________________________________________________________________________________________TT53: #REF!
Name _______________________________________________________________________________________________TT54: #REF!
Name _______________________________________________________________________________________________TT55: #REF!
Name _______________________________________________________________________________________________TT6: #REF!
Name _______________________________________________________________________________________________TT60: #REF!
Name _______________________________________________________________________________________________TT61: #REF!
Name _______________________________________________________________________________________________TT69: #REF!
Name _______________________________________________________________________________________________TT70: #REF!
Name _______________________________________________________________________________________________TT71: #REF!
Name _______________________________________________________________________________________________TT74: #REF!

Sheet ORÇAMENTO
B2: ORÇAMENTO REFERENCIAL
B3: Ponte do assentamento de Santa Maria (Flores de Goiás - GO) | L3: Extensão: 0,035 km
H4: BDI | I4: ='BDI '!$G$29/100 -> 0.249
H5: BDI REDUZIDO | I5: 0.15 | L5: Região: GO
B6: Órgão responsável: CODEVASF | L6: Data base: abr/2023 - sem desoneração
B9: ITEM | C9: CÓDIGO | D9: DESCRIÇÃO DO SERVIÇO | E9: UNIDADE | F9: BASE REFERENCIAL | G9: QUANTIDADE | H9: CUSTO UNITÁRIO (R$) | I9: BDI % | J9: DT | K9: PREÇO UNITÁRIO C/ BDI (R$) | L9: PREÇO TOTAL (R$)
B11: 1. | D11: CUSTOS INDIRETOS | L11: =SUM(L12:L17) -> 726559.06 | N11: T
B12: 1.1. | C12: CA0001 | D12: ADMINISTRAÇÃO LOCAL | E12: UN | F12: SICRO | G12: 1 | H12: 245890.83 | I12: =IF(E12="","",$I$4) -> 0.249 | K12: =IF(E12="","",ROUND(H12*(1+I12),2)) -> 307117.65 | L12: =IF(E12="","",ROUND(G12*K12,2)) -> 307117.65 | N12: =L12/$L$103 -> 0.11353637
B13: 1.2. | C13: CA0002 | D13: CANTEIRO DE OBRAS | E13: UN | F13: SICRO | G13: 1 | H13: 282753.38 | I13: =IF(E13="","",$I$4) -> 0.249 | K13: =IF(E13="","",ROUND(H13*(1+I13),2)) -> 353158.97 | L13: =IF(E13="","",ROUND(G13*K13,2)) -> 353158.97 | N13: =L13/$L$103 -> 0.1305571
B14: 1.3. | C14: CA0003 | D14: MOBILIZAÇÃO E DESMOBILIZAÇÃO | E14: UN | F14: SICRO | G14: 1 | H14: 40782.54 | I14: =IF(E14="","",$I$4) -> 0.249 | K14: =IF(E14="","",ROUND(H14*(1+I14),2)) -> 50937.39 | L14: =IF(E14="","",ROUND(G14*K14,2)) -> 50937.39 | N14: =L14/$L$103 -> 0.01883072
B15: 1.4. | D15: SERVIÇOS PRELIMINARES | G15: 0 | H15: 0 | I15: =IF(E15="","",$I$4) | K15: =IF(E15="","",ROUND(H15*(1+I15),2)) | L15: =IF(E15="","",ROUND(G15*K15,2)) | N15: ST
B16: 1.4.1. | C16: 5213570 | D16: Placa em aço - película I + I - fornecimento e implantação | E16: m² | F16: SICRO | G16: 25 | H16: 463.9 | I16: =IF(E16="","",$I$4) -> 0.249 | K16: =IF(E16="","",ROUND(H16*(1+I16),2)) -> 579.41 | L16: =IF(E16="","",ROUND(G16*K16,2)) -> 14485.25
B17: 1.4.2. | C17: 5216111 | D17: Suporte para placa de sinalização em madeira de lei tratada 8 x 8 cm - fornecimento e implantação | E17: un | F17: SICRO | G17: 6 | H17: 114.73 | I17: =IF(E17="","",$I$4) -> 0.249 | K17: =IF(E17="","",ROUND(H17*(1+I17),2)) -> 143.3 | L17: =IF(E17="","",ROUND(G17*K17,2)) -> 859.8
B18: 2. | D18: TERRAPLANAGEM | G18: 0 | H18: 0 | I18: =IF(E18="","",$I$4) | K18: =IF(E18="","",ROUND(H18*(1+I18),2)) | L18: =SUM(L19:L23) -> 91024.32 | N18: T
B19: 2.1. | C19: 5501700 | D19: Desmatamento, destocamento e limpeza de área com árvores de diâmetro até 0,15 m | E19: m² | F19: SICRO | G19: 493 | H19: 0.53 | I19: =IF(E19="","",$I$4) -> 0.249 | K19: =IF(E19="","",ROUND(H19*(1+I19),2)) -> 0.66 | L19: =IF(E19="","",ROUND(G19*K19,2)) -> 325.38
B20: 2.2. | C20: 5502985 | D20: Limpeza mecanizada da camada vegetal | E20: m² | F20: SICRO | G20: 8923.18 | H20: 0.45 | I20: =IF(E20="","",$I$4) -> 0.249 | K20: =IF(E20="","",ROUND(H20*(1+I20),2)) -> 0.56 | L20: =IF(E20="","",ROUND(G20*K20,2)) -> 4996.98
B21: 2.3. | C21: 5501710 | D21: Escavação, carga e transporte em material de 1ª categoria - DMT de 50 m | E21: m³ | F21: SICRO | G21: 15.55 | H21: 2.86 | I21: =IF(E21="","",$I$4) -> 0.249 | K21: =IF(E21="","",ROUND(H21*(1+I21),2)) -> 3.57 | L21: =IF(E21="","",ROUND(G21*K21,2)) -> 55.51
B22: 2.4. | C22: 5502142 | D22: Escavação, carga e transporte de material de 1ª categoria - DMT de 1.400 a 1.600 m - caminho de serviço em revestimento primário - com escavadeira e caminhão basculante de 14 m³ | E22: m³ | F22: SICRO | G22: 5971.43 | H22: 7.57 | I22: =IF(E22="","",$I$4) -> 0.249 | K22: =IF(E22="","",ROUND(H22*(1+I22),2)) -> 9.45 | L22: =IF(E22="","",ROUND(G22*K22,2)) -> 56430.01
B23: 2.5. | C23: 5502978 | D23: Compactação de aterros a 100% do Proctor normal | E23: m³ | F23: SICRO | G23: 4789.58 | H23: 4.88 | I23: =IF(E23="","",$I$4) -> 0.249 | K23: =IF(E23="","",ROUND(H23*(1+I23),2)) -> 6.1 | L23: =IF(E23="","",ROUND(G23*K23,2)) -> 29216.44
B24: 3. | D24: GABIÃO | G24: 0 | H24: 0 | I24: =IF(E24="","",$I$4) | K24: =IF(E24="","",ROUND(H24*(1+I24),2)) | L24: =SUM(L25:L34) -> 668780.82 | N24: T
B25: 3.1. | C25: 3205864 | D25: Gabião caixa 2 x 1 x 0,50 m - Zn/Al + PVC - D = 2,4 mm - pedra de mão comercial - fornecimento e assentamento | E25: m³ | F25: SICRO | G25: 217.1 | H25: 1017.14 | I25: =IF(E25="","",$I$4) -> 0.249 | K25: =IF(E25="","",ROUND(H25*(1+I25),2)) -> 1270.41 | L25: =IF(E25="","",ROUND(G25*K25,2)) -> 275806.01
B26: 3.2. | C26: 3205866 | D26: Gabião caixa 2 x 1 x 1,00 m - Zn/Al + PVC - D = 2,4 mm - pedra de mão comercial - fornecimento e assentamento | E26: m³ | F26: SICRO | G26: 264.73 | H26: 780.95 | I26: =IF(E26="","",$I$4) -> 0.249 | K26: =IF(E26="","",ROUND(H26*(1+I26),2)) -> 975.41 | L26: =IF(E26="","",ROUND(G26*K26,2)) -> 258220.29
B27: 3.3. | C27: 3205876 | D27: Gabião colchão espessura 0,30 m - Zn/Al + PVC - D = 2,0 mm - pedra de mão comercial - fornecimento e assentamento | E27: m² | F27: SICRO | G27: 102.63 | H27: 328.01 | I27: =IF(E27="","",$I$4) -> 0.249 | K27: =IF(E27="","",ROUND(H27*(1+I27),2)) -> 409.68 | L27: =IF(E27="","",ROUND(G27*K27,2)) -> 42045.46
B28: 3.4. | C28: 5501706 | D28: Escavação mecânica com retroescavadeira em material de 1ª categoria | E28: m³ | F28: SICRO | G28: 700.1 | H28: 7.11 | I28: =IF(E28="","",$I$4) -> 0.249 | K28: =IF(E28="","",ROUND(H28*(1+I28),2)) -> 8.88 | L28: =IF(E28="","",ROUND(G28*K28,2)) -> 6216.89
B29: 3.5. | C29: 2003867 | D29: Aplicação de geotêxtil não-tecido agulhado com resistência à tração longitudinal de 31 kN/m | E29: m² | F29: SICRO | G29: 834.32 | H29: 16.57 | I29: =IF(E29="","",$I$4) -> 0.249 | K29: =IF(E29="","",ROUND(H29*(1+I29),2)) -> 20.7 | L29: =IF(E29="","",ROUND(G29*K29,2)) -> 17270.42
B30: 3.6. | C30: 4815671 | D30: Reaterro e compactação com soquete vibratório | E30: m³ | F30: SICRO | G30: 352.99 | H30: 15.35 | I30: =IF(E30="","",$I$4) -> 0.249 | K30: =IF(E30="","",ROUND(H30*(1+I30),2)) -> 19.17 | L30: =IF(E30="","",ROUND(G30*K30,2)) -> 6766.82
B31: 3.7. | C31: 5915320 | D31: Transporte com caminhão basculante de 14 m³ - rodovia em revestimento primário (rachão) | E31: tkm | F31: SICRO | G31: 1414.83 | H31: 0.71 | I31: =IF(E31="","",$I$4) -> 0.249 | J31: 1.6 | K31: =IF(E31="","",ROUND(H31*(1+I31),2)) -> 0.89 | L31: =IF(E31="","",ROUND(G31*K31,2)) -> 1259.2
B32: 3.8. | C32: 5915321 | D32: Transporte com caminhão basculante de 14 m³ - rodovia pavimentada (rachão) | E32: tkm | F32: SICRO | G32: 85243.41 | H32: 0.57 | I32: =IF(E32="","",$I$4) -> 0.249 | J32: 96.4 | K32: =IF(E32="","",ROUND(H32*(1+I32),2)) -> 0.71 | L32: =IF(E32="","",ROUND(G32*K32,2)) -> 60522.82
B33: 3.9. | C33: 5914464 | D33: Transporte com caminhão carroceria de 15 t - rodovia em revestimento primário - GABIÃO+GEOTÊXTIL | E33: tkm | F33: SICRO | G33: 7.6 | H33: 0.89 | I33: =IF(E33="","",$I$4) -> 0.249 | J33: 1.4 | K33: =IF(E33="","",ROUND(H33*(1+I33),2)) -> 1.11 | L33: =IF(E33="","",ROUND(G33*K33,2)) -> 8.44
B34: 3.10. | C34: 5914479 | D34: Transporte com caminhão carroceria de 15 t - rodovia pavimentada - GABIÃO+GEOTÊXTIL | E34: tkm | F34: SICRO | G34: 738.3 | H34: 0.72 | I34: =IF(E34="","",$I$4) -> 0.249 | J34: 136 | K34: =IF(E34="","",ROUND(H34*(1+I34),2)) -> 0.9 | L34: =IF(E34="","",ROUND(G34*K34,2)) -> 664.47
B35: 4. | D35: OBRA DE ARTE ESPECIAL | G35: 0 | I35: =IF(E35="","",$I$4) | K35: =IF(E35="","",ROUND(H35*(1+I35),2)) | L35: =SUM(L36:L85) -> 1136502.7 | N35: T
B36: 4.1. | D36: INFRAESTRUTURA | G36: 0 | I36: =IF(E36="","",$I$4) | K36: =IF(E36="","",ROUND(H36*(1+I36),2)) | L36: =IF(E36="","",ROUND(G36*K36,2)) | N36: ST
B37: 4.1.1. | C37: 4805749 | D37: Escavação manual de vala em material de 1ª categoria | E37: m³ | F37: SICRO | G37: 65.52 | H37: 66.72 | I37: =IF(E37="","",$I$4) -> 0.249 | K37: =IF(E37="","",ROUND(H37*(1+I37),2)) -> 83.33 | L37: =IF(E37="","",ROUND(G37*K37,2)) -> 5459.78
B38: 4.1.2. | C38: 4815671 | D38: Reaterro e compactação com soquete vibratório | E38: m³ | F38: SICRO | G38: 34.8 | H38: 15.35 | I38: =IF(E38="","",$I$4) -> 0.249 | K38: =IF(E38="","",ROUND(H38*(1+I38),2)) -> 19.17 | L38: =IF(E38="","",ROUND(G38*K38,2)) -> 667.12
B39: 4.1.3. | C39: 2306066 | D39: Estaca raiz perfurada no solo com D = 40 cm - confecção | E39: m | F39: SICRO | G39: 276 | H39: 229.63 | I39: =IF(E39="","",$I$4) -> 0.249 | K39: =IF(E39="","",ROUND(H39*(1+I39),2)) -> 286.81 | L39: =IF(E39="","",ROUND(G39*K39,2)) -> 79159.56
B40: 4.1.4. | C40: 2306071 | D40: Estaca raiz perfurada na rocha com D = 40 cm - confecção | E40: m | F40: SICRO | G40: 0 | H40: 1908.62 | I40: =IF(E40="","",$I$4) -> 0.249 | K40: =IF(E40="","",ROUND(H40*(1+I40),2)) -> 2383.87 | L40: =IF(E40="","",ROUND(G40*K40,2)) -> 0
B41: 4.1.5. | C41: 2306248 | D41: Arrasamento de estacas de concreto com seção superior a 900 cm² | E41: m³ | F41: SICRO | G41: 0.3 | H41: 521.18 | I41: =IF(E41="","",$I$4) -> 0.249 | K41: =IF(E41="","",ROUND(H41*(1+I41),2)) -> 650.95 | L41: =IF(E41="","",ROUND(G41*K41,2)) -> 195.29
B42: 4.1.6. | C42: 3106121 | D42: Fôrmas de tábuas de pinho - utilização de 3 vezes - confecção, instalação e retirada | E42: m² | F42: SICRO | G42: 49.92 | H42: 89.94 | I42: =IF(E42="","",$I$4) -> 0.249 | K42: =IF(E42="","",ROUND(H42*(1+I42),2)) -> 112.34 | L42: =IF(E42="","",ROUND(G42*K42,2)) -> 5608.01
B43: 4.1.7. | C43: 0407819 | D43: Armação em aço CA-50 - fornecimento, preparo e colocação | E43: kg | F43: SICRO | G43: 16872 | H43: 12.71 | I43: =IF(E43="","",$I$4) -> 0.249 | K43: =IF(E43="","",ROUND(H43*(1+I43),2)) -> 15.87 | L43: =IF(E43="","",ROUND(G43*K43,2)) -> 267758.64
B44: 4.1.8. | C44: 1107888 | D44: Concreto fck = 15 MPa - confecção em betoneira e lançamento manual - areia e brita comerciais | E44: m³ | F44: SICRO | G44: 1.28 | H44: 452.55 | I44: =IF(E44="","",$I$4) -> 0.249 | K44: =IF(E44="","",ROUND(H44*(1+I44),2)) -> 565.23 | L44: =IF(E44="","",ROUND(G44*K44,2)) -> 723.49
B45: 4.1.9. | C45: 1107900 | D45: Concreto fck = 30 MPa - confecção em betoneira e lançamento manual - areia e brita comerciais | E45: m³ | F45: SICRO | G45: 30.72 | H45: 507.56 | I45: =IF(E45="","",$I$4) -> 0.249 | K45: =IF(E45="","",ROUND(H45*(1+I45),2)) -> 633.94 | L45: =IF(E45="","",ROUND(G45*K45,2)) -> 19474.64
B46: 4.2. | D46: MESOESTRUTURA | G46: 0 | I46: =IF(E46="","",$I$4) | K46: =IF(E46="","",ROUND(H46*(1+I46),2)) | L46: =IF(E46="","",ROUND(G46*K46,2)) | N46: ST
B47: 4.2.1. | C47: 2108170 | D47: Escoramento com pontaletes D = 15 cm - utilização de 2 vezes - confecção, instalação e retirada | E47: m³ | F47: SICRO | G47: 84.95 | H47: 36.83 | I47: =IF(E47="","",$I$4) -> 0.249 | K47: =IF(E47="","",ROUND(H47*(1+I47),2)) -> 46 | L47: =IF(E47="","",ROUND(G47*K47,2)) -> 3907.7
B48: 4.2.2. | C48: 3108017 | D48: Fôrmas de compensado plastificado 14 mm - uso geral - utilização de 3 vezes - confecção, instalação e retirada | E48: m² | F48: SICRO | G48: 56.18 | H48: 82.19 | I48: =IF(E48="","",$I$4) -> 0.249 | K48: =IF(E48="","",ROUND(H48*(1+I48),2)) -> 102.66 | L48: =IF(E48="","",ROUND(G48*K48,2)) -> 5767.44
B49: 4.2.3. | C49: 1107900 | D49: Concreto fck = 30 MPa - confecção em betoneira e lançamento manual - areia e brita comerciais | E49: m³ | F49: SICRO | G49: 13.27 | H49: 507.56 | I49: =IF(E49="","",$I$4) -> 0.249 | K49: =IF(E49="","",ROUND(H49*(1+I49),2)) -> 633.94 | L49: =IF(E49="","",ROUND(G49*K49,2)) -> 8412.38
B50: 4.2.4. | C50: 1109680 | D50: Argamassa para reparos e graouteamento | E50: m³ | F50: SICRO | G50: 0.05 | H50: 3333.04 | I50: =IF(E50="","",$I$4) -> 0.249 | K50: =IF(E50="","",ROUND(H50*(1+I50),2)) -> 4162.97 | L50: =IF(E50="","",ROUND(G50*K50,2)) -> 208.15
B51: 4.2.5. | C51: 0407819 | D51: Armação em aço CA-50 - fornecimento, preparo e colocação | E51: kg | F51: SICRO | G51: 974 | H51: 12.71 | I51: =IF(E51="","",$I$4) -> 0.249 | K51: =IF(E51="","",ROUND(H51*(1+I51),2)) -> 15.87 | L51: =IF(E51="","",ROUND(G51*K51,2)) -> 15457.38
B52: 4.2.6. | C52: 0407820 | D52: Armação em aço CA-60 - fornecimento, preparo e colocação | E52: kg | F52: SICRO | G52: 194.8 | H52: 14.01 | I52: =IF(E52="","",$I$4) -> 0.249 | K52: =IF(E52="","",ROUND(H52*(1+I52),2)) -> 17.5 | L52: =IF(E52="","",ROUND(G52*K52,2)) -> 3409
B53: 4.2.7. | C53: 0307731 | D53: Aparelho de apoio de neoprene fretado para estruturas moldadas no local - fornecimento e instalação | E53: dm³ | F53: SICRO | G53: 42 | H53: 110.69 | I53: =IF(E53="","",$I$4) -> 0.249 | K53: =IF(E53="","",ROUND(H53*(1+I53),2)) -> 138.25 | L53: =IF(E53="","",ROUND(G53*K53,2)) -> 5806.5
B54: 4.3. | D54: SUPERESTRUTURA | G54: 0 | I54: =IF(E54="","",$I$4) | K54: =IF(E54="","",ROUND(H54*(1+I54),2)) | L54: =IF(E54="","",ROUND(G54*K54,2)) | N54: ST
B55: 4.3.1. | D55: SUPERESTRUTURA LONGARINA | G55: 0 | I55: =IF(E55="","",$I$4) | K55: =IF(E55="","",ROUND(H55*(1+I55),2)) | L55: =IF(E55="","",ROUND(G55*K55,2)) | N55: ST
B56: 4.3.1.1. | C56: 3108017 | D56: Fôrmas de compensado plastificado 14 mm - uso geral - utilização de 3 vezes - confecção, instalação e retirada | E56: m² | F56: SICRO | G56: 241.5 | H56: 82.19 | I56: =IF(E56="","",$I$4) -> 0.249 | K56: =IF(E56="","",ROUND(H56*(1+I56),2)) -> 102.66 | L56: =IF(E56="","",ROUND(G56*K56,2)) -> 24792.39
B57: 4.3.1.2. | C57: 1107900 | D57: Concreto fck = 30 MPa - confecção em betoneira e lançamento manual - areia e brita comerciais | E57: m³ | F57: SICRO | G57: 55.82 | H57: 507.56 | I57: =IF(E57="","",$I$4) -> 0.249 | K57: =IF(E57="","",ROUND(H57*(1+I57),2)) -> 633.94 | L57: =IF(E57="","",ROUND(G57*K57,2)) -> 35386.53
B58: 4.3.1.3. | C58: 0407819 | D58: Armação em aço CA-50 - fornecimento, preparo e colocação | E58: kg | F58: SICRO | G58: 8931.2 | H58: 12.71 | I58: =IF(E58="","",$I$4) -> 0.249 | K58: =IF(E58="","",ROUND(H58*(1+I58),2)) -> 15.87 | L58: =IF(E58="","",ROUND(G58*K58,2)) -> 141738.14
B59: 4.3.2. | D59: SUPERESTRUTURA (LAJE+TRANSVERSINAS+ALAS | G59: 0 | I59: =IF(E59="","",$I$4) | K59: =IF(E59="","",ROUND(H59*(1+I59),2)) | L59: =IF(E59="","",ROUND(G59*K59,2)) | N59: ST
B60: 4.3.2.1. | C60: 2108170 | D60: Escoramento com pontaletes D = 15 cm - utilização de 2 vezes - confecção, instalação e retirada | E60: m³ | F60: SICRO | G60: 1549.61 | H60: 36.83 | I60: =IF(E60="","",$I$4) -> 0.249 | K60: =IF(E60="","",ROUND(H60*(1+I60),2)) -> 46 | L60: =IF(E60="","",ROUND(G60*K60,2)) -> 71282.06
B61: 4.3.2.2. | C61: 3108017 | D61: Fôrmas de compensado plastificado 14 mm - uso geral - utilização de 3 vezes - confecção, instalação e retirada | E61: m² | F61: SICRO | G61: 369.26 | H61: 82.19 | I61: =IF(E61="","",$I$4) -> 0.249 | K61: =IF(E61="","",ROUND(H61*(1+I61),2)) -> 102.66 | L61: =IF(E61="","",ROUND(G61*K61,2)) -> 37908.23
B62: 4.3.2.3. | C62: 1107900 | D62: Concreto fck = 30 MPa - confecção em betoneira e lançamento manual - areia e brita comerciais | E62: m³ | F62: SICRO | G62: 83.62 | H62: 507.56 | I62: =IF(E62="","",$I$4) -> 0.249 | K62: =IF(E62="","",ROUND(H62*(1+I62),2)) -> 633.94 | L62: =IF(E62="","",ROUND(G62*K62,2)) -> 53010.06
B63: 4.3.2.4. | C63: 0407819 | D63: Armação em aço CA-50 - fornecimento, preparo e colocação | E63: kg | F63: SICRO | G63: 11764.6 | H63: 12.71 | I63: =IF(E63="","",$I$4) -> 0.249 | K63: =IF(E63="","",ROUND(H63*(1+I63),2)) -> 15.87 | L63: =IF(E63="","",ROUND(G63*K63,2)) -> 186704.2
B64: 4.3.3. | D64: LAJE DE TRANSIÇÃO | G64: 0 | I64: =IF(E64="","",$I$4) | K64: =IF(E64="","",ROUND(H64*(1+I64),2)) | L64: =IF(E64="","",ROUND(G64*K64,2)) | N64: ST
B65: 4.3.3.1. | C65: 3108017 | D65: Fôrmas de compensado plastificado 14 mm - uso geral - utilização de 3 vezes - confecção, instalação e retirada | E65: m² | F65: SICRO | G65: 12.32 | H65: 82.19 | I65: =IF(E65="","",$I$4) -> 0.249 | K65: =IF(E65="","",ROUND(H65*(1+I65),2)) -> 102.66 | L65: =IF(E65="","",ROUND(G65*K65,2)) -> 1264.77
B66: 4.3.3.2. | C66: 1107900 | D66: Concreto fck = 30 MPa - confecção em betoneira e lançamento manual - areia e brita comerciais | E66: m³ | F66: SICRO | G66: 15.02 | H66: 507.56 | I66: =IF(E66="","",$I$4) -> 0.249 | K66: =IF(E66="","",ROUND(H66*(1+I66),2)) -> 633.94 | L66: =IF(E66="","",ROUND(G66*K66,2)) -> 9521.78
B67: 4.3.3.3. | C67: 0407819 | D67: Armação em aço CA-50 - fornecimento, preparo e colocação | E67: kg | F67: SICRO | G67: 901.2 | H67: 12.71 | I67: =IF(E67="","",$I$4) -> 0.249 | K67: =IF(E67="","",ROUND(H67*(1+I67),2)) -> 15.87 | L67: =IF(E67="","",ROUND(G67*K67,2)) -> 14302.04
B68: 4.3.4. | D68: BARREIRA NEW JERSEY | G68: 0 | I68: =IF(E68="","",$I$4) | K68: =IF(E68="","",ROUND(H68*(1+I68),2)) | L68: =IF(E68="","",ROUND(G68*K68,2)) | N68: ST
B69: 4.3.4.1. | C69: 3108017 | D69: Fôrmas de compensado plastificado 14 mm - uso geral - utilização de 3 vezes - confecção, instalação e retirada | E69: m² | F69: SICRO | G69: 124.6 | H69: 82.19 | I69: =IF(E69="","",$I$4) -> 0.249 | K69: =IF(E69="","",ROUND(H69*(1+I69),2)) -> 102.66 | L69: =IF(E69="","",ROUND(G69*K69,2)) -> 12791.44
B70: 4.3.4.2. | C70: 1107900 | D70: Concreto fck = 30 MPa - confecção em betoneira e lançamento manual - areia e brita comerciais | E70: m³ | F70: SICRO | G70: 16.48 | H70: 507.56 | I70: =IF(E70="","",$I$4) -> 0.249 | K70: =IF(E70="","",ROUND(H70*(1+I70),2)) -> 633.94 | L70: =IF(E70="","",ROUND(G70*K70,2)) -> 10447.33
B71: 4.3.4.3. | C71: 0407819 | D71: Armação em aço CA-50 - fornecimento, preparo e colocação | E71: kg | F71: SICRO | G71: 1977.6 | H71: 12.71 | I71: =IF(E71="","",$I$4) -> 0.249 | K71: =IF(E71="","",ROUND(H71*(1+I71),2)) -> 15.87 | L71: =IF(E71="","",ROUND(G71*K71,2)) -> 31384.51
B72: 4.3.5. | D72: DIVERSOS | G72: 0 | I72: =IF(E72="","",$I$4) | K72: =IF(E72="","",ROUND(H72*(1+I72),2)) | L72: =IF(E72="","",ROUND(G72*K72,2)) | N72: ST
B73: 4.3.5.1. | C73: 2007971 | D73: Dreno de PVC D = 100 mm para OAE - fornecimento e instalação | E73: m | F73: SICRO | G73: 18 | H73: 94.96 | I73: =IF(E73="","",$I$4) -> 0.249 | K73: =IF(E73="","",ROUND(H73*(1+I73),2)) -> 118.61 | L73: =IF(E73="","",ROUND(G73*K73,2)) -> 2134.98
B74: 4.3.5.2. | C74: 1107896 | D74: Concreto fck = 25 MPa - confecção em betoneira e lançamento manual - areia e brita comerciais | E74: m³ | F74: SICRO | G74: 20.23 | H74: 487.17 | I74: =IF(E74="","",$I$4) -> 0.249 | K74: =IF(E74="","",ROUND(H74*(1+I74),2)) -> 608.48 | L74: =IF(E74="","",ROUND(G74*K74,2)) -> 12309.55
B75: 4.4. | D75: TRANSPORTE | G75: 0 | I75: =IF(E75="","",$I$4) | K75: =IF(E75="","",ROUND(H75*(1+I75),2)) | L75: =IF(E75="","",ROUND(G75*K75,2)) | N75: ST
B76: 4.4.1. | C76: 5915320 | D76: Transporte com caminhão basculante de 14 m³ - rodovia em revestimento primário - BRITA | E76: tkm | F76: SICRO | G76: 417.13 | H76: 0.71 | I76: =IF(E76="","",$I$4) -> 0.249 | J76: 1.6 | K76: =IF(E76="","",ROUND(H76*(1+I76),2)) -> 0.89 | L76: =IF(E76="","",ROUND(G76*K76,2)) -> 371.25
B77: 4.4.2. | C77: 5915320 | D77: Transporte com caminhão basculante de 14 m³ - rodovia em revestimento primário - AREIA | E77: tkm | F77: SICRO | G77: 371.08 | H77: 0.71 | I77: =IF(E77="","",$I$4) -> 0.249 | J77: 1.45 | K77: =IF(E77="","",ROUND(H77*(1+I77),2)) -> 0.89 | L77: =IF(E77="","",ROUND(G77*K77,2)) -> 330.26
B78: 4.4.3. | C78: 5915321 | D78: Transporte com caminhão basculante de 14 m³ - rodovia pavimentada - BRITA | E78: tkm | F78: SICRO | G78: 25131.81 | H78: 0.57 | I78: =IF(E78="","",$I$4) -> 0.249 | J78: 96.4 | K78: =IF(E78="","",ROUND(H78*(1+I78),2)) -> 0.71 | L78: =IF(E78="","",ROUND(G78*K78,2)) -> 17843.59
B79: 4.4.4. | C79: 5915321 | D79: Transporte com caminhão basculante de 14 m³ - rodovia pavimentada - AREIA | E79: tkm | F79: SICRO | G79: 40069.39 | H79: 0.57 | I79: =IF(E79="","",$I$4) -> 0.249 | J79: 156.57 | K79: =IF(E79="","",ROUND(H79*(1+I79),2)) -> 0.71 | L79: =IF(E79="","",ROUND(G79*K79,2)) -> 28449.27
B80: 4.4.5. | C80: 5914464 | D80: Transporte com caminhão carroceria de 15 t - rodovia em revestimento primário - CIMENTO | E80: tkm | F80: SICRO | G80: 139.97 | H80: 0.89 | I80: =IF(E80="","",$I$4) -> 0.249 | J80: 1.4 | K80: =IF(E80="","",ROUND(H80*(1+I80),2)) -> 1.11 | L80: =IF(E80="","",ROUND(G80*K80,2)) -> 155.37
B81: 4.4.6. | C81: 5914479 | D81: Transporte com caminhão carroceria de 15 t - rodovia pavimentada - CIMENTO | E81: tkm | F81: SICRO | G81: 11225.5 | H81: 0.72 | I81: =IF(E81="","",$I$4) -> 0.249 | J81: 136 | K81: =IF(E81="","",ROUND(H81*(1+I81),2)) -> 0.9 | L81: =IF(E81="","",ROUND(G81*K81,2)) -> 10102.95
B82: 4.4.7. | C82: 5914464 | D82: Transporte com caminhão carroceria de 15 t - rodovia em revestimento primário - MADEIRA+DESMOLDANTE | E82: tkm | F82: SICRO | G82: 98.84 | H82: 0.89 | I82: =IF(E82="","",$I$4) -> 0.249 | J82: 1.4 | K82: =IF(E82="","",ROUND(H82*(1+I82),2)) -> 1.11 | L82: =IF(E82="","",ROUND(G82*K82,2)) -> 109.71
B83: 4.4.8. | C83: 5914479 | D83: Transporte com caminhão carroceria de 15 t - rodovia pavimentada - MADEIRA+DESMOLDANTE | E83: tkm | F83: SICRO | G83: 9601.43 | H83: 0.72 | I83: =IF(E83="","",$I$4) -> 0.249 | J83: 136 | K83: =IF(E83="","",ROUND(H83*(1+I83),2)) -> 0.9 | L83: =IF(E83="","",ROUND(G83*K83,2)) -> 8641.29
B84: 4.4.9. | C84: 5914464 | D84: Transporte com caminhão carroceria de 15 t - rodovia em revestimento primário - AÇO+APARELHO DE APOIO | E84: tkm | F84: SICRO | G84: 65.45 | H84: 0.89 | I84: =IF(E84="","",$I$4) -> 0.249 | J84: 1.4 | K84: =IF(E84="","",ROUND(H84*(1+I84),2)) -> 1.11 | L84: =IF(E84="","",ROUND(G84*K84,2)) -> 72.65
B85: 4.4.10. | C85: 5914481 | D85: Transporte com caminhão carroceria de 15 t - rodovia pavimentada - AÇO+APARELHO DE APOIO | E85: tkm | F85: SICRO | G85: 6357.82 | H85: 0.43 | I85: =IF(E85="","",$I$4) -> 0.249 | J85: 136 | K85: =IF(E85="","",ROUND(H85*(1+I85),2)) -> 0.54 | L85: =IF(E85="","",ROUND(G85*K85,2)) -> 3433.22
B86: 5. | D86: SINALIZAÇÃO | G86: 0 | I86: =IF(E86="","",$I$4) | K86: =IF(E86="","",ROUND(H86*(1+I86),2)) | L86: =SUM(L87:L92) -> 3049.03 | N86: T
B87: 5.1. | C87: 5213464 | D87: Placa de advertência em aço, lado de 0,60 m - película retrorrefletiva tipo I + SI - fornecimento e implantação | E87: un | F87: SICRO | G87: 2 | H87: 248.5 | I87: =IF(E87="","",$I$4) -> 0.249 | K87: =IF(E87="","",ROUND(H87*(1+I87),2)) -> 310.38 | L87: =IF(E87="","",ROUND(G87*K87,2)) -> 620.76
B88: 5.2. | C88: 5213572 | D88: Placa de regulamentação em aço D = 0,60 m - película retrorrefletiva tipo I + SI - fornecimento e implantação | E88: m² | F88: SICRO | G88: 0.57 | H88: 594.01 | I88: =IF(E88="","",$I$4) -> 0.249 | K88: =IF(E88="","",ROUND(H88*(1+I88),2)) -> 741.92 | L88: =IF(E88="","",ROUND(G88*K88,2)) -> 422.89
B89: 5.3. | C89: 5213477 | D89: Placa delineador em aço - 0,30 x 0,90 m - película retrorrefletiva tipo I + IV - fornecimento e implantação | E89: un | F89: SICRO | G89: 4 | H89: 166.29 | I89: =IF(E89="","",$I$4) -> 0.249 | K89: =IF(E89="","",ROUND(H89*(1+I89),2)) -> 207.7 | L89: =IF(E89="","",ROUND(G89*K89,2)) -> 830.8
B90: 5.4. | C90: 5216111 | D90: Suporte para placa de sinalização em madeira de lei tratada 8 x 8 cm - fornecimento e implantação | E90: un | F90: SICRO | G90: 8 | H90: 114.73 | I90: =IF(E90="","",$I$4) -> 0.249 | K90: =IF(E90="","",ROUND(H90*(1+I90),2)) -> 143.3 | L90: =IF(E90="","",ROUND(G90*K90,2)) -> 1146.4
B91: 5.5. | C91: 5914464 | D91: Transporte com caminhão carroceria de 15 t - rodovia em revestimento primário - MADEIRA+PLACAS | E91: tkm | F91: SICRO | G91: 0.32 | H91: 0.89 | I91: =IF(E91="","",$I$4) -> 0.249 | J91: 1.4 | K91: =IF(E91="","",ROUND(H91*(1+I91),2)) -> 1.11 | L91: =IF(E91="","",ROUND(G91*K91,2)) -> 0.36
B92: 5.6. | C92: 5914479 | D92: Transporte com caminhão carroceria de 15 t - rodovia pavimentada - MADEIRA+PLACAS | E92: tkm | F92: SICRO | G92: 30.91 | H92: 0.72 | I92: =IF(E92="","",$I$4) -> 0.249 | J92: 136 | K92: =IF(E92="","",ROUND(H92*(1+I92),2)) -> 0.9 | L92: =IF(E92="","",ROUND(G92*K92,2)) -> 27.82
B93: 6. | D93: OBRAS COMPLEMENTARES | G93: 0 | I93: =IF(E93="","",$I$4) | K93: =IF(E93="","",ROUND(H93*(1+I93),2)) | L93: =SUM(L94:L101) -> 79099.59 | N93: T
B94: 6.1. | C94: 3713613 | D94: Cerca com 4 fios de arame liso galvanizado e mourão de madeira a cada 2,5 m e esticador a cada 50 m | E94: m | F94: SICRO | G94: 248 | H94: 19.99 | I94: =IF(E94="","",$I$4) -> 0.249 | K94: =IF(E94="","",ROUND(H94*(1+I94),2)) -> 24.97 | L94: =IF(E94="","",ROUND(G94*K94,2)) -> 6192.56
B95: 6.2. | C95: 1600966 | D95: Remoção de cerca com mourões de concreto | E95: m | F95: SICRO | G95: 215 | H95: 0.68 | I95: =IF(E95="","",$I$4) -> 0.249 | K95: =IF(E95="","",ROUND(H95*(1+I95),2)) -> 0.85 | L95: =IF(E95="","",ROUND(G95*K95,2)) -> 182.75
B96: 6.3. | C96: 4413200 | D96: Plantio de grama comercial em placas | E96: m² | F96: SICRO | G96: 1264.67 | H96: 13.27 | I96: =IF(E96="","",$I$4) -> 0.249 | K96: =IF(E96="","",ROUND(H96*(1+I96),2)) -> 16.57 | L96: =IF(E96="","",ROUND(G96*K96,2)) -> 20955.58
B97: 6.4. | C97: 4413905 | D97: Hidrossemeadura | E97: m² | F97: SICRO | G97: 5971.43 | H97: 6.32 | I97: =IF(E97="","",$I$4) -> 0.249 | K97: =IF(E97="","",ROUND(H97*(1+I97),2)) -> 7.89 | L97: =IF(E97="","",ROUND(G97*K97,2)) -> 47114.58
B98: 6.5. | C98: 5914464 | D98: Transporte com caminhão carroceria de 15 t - rodovia em revestimento primário - ARAME+MADEIRA | E98: tkm | F98: SICRO | G98: 2.7 | H98: 0.89 | I98: =IF(E98="","",$I$4) -> 0.249 | J98: 1.4 | K98: =IF(E98="","",ROUND(H98*(1+I98),2)) -> 1.11 | L98: =IF(E98="","",ROUND(G98*K98,2)) -> 3
B99: 6.6. | C99: 5914479 | D99: Transporte com caminhão carroceria de 15 t - rodovia pavimentada -ARAME+MADEIRA | E99: tkm | F99: SICRO | G99: 262.74 | H99: 0.72 | I99: =IF(E99="","",$I$4) -> 0.249 | J99: 136 | K99: =IF(E99="","",ROUND(H99*(1+I99),2)) -> 0.9 | L99: =IF(E99="","",ROUND(G99*K99,2)) -> 236.47
B100: 6.7. | C100: 5914464 | D100: Transporte com caminhão carroceria de 15 t - rodovia em revestimento primário - GRAMA+ADITIVOS HIDROSSEMEADURA | E100: tkm | F100: SICRO | G100: 49.86 | H100: 0.89 | I100: =IF(E100="","",$I$4) -> 0.249 | J100: 1.4 | K100: =IF(E100="","",ROUND(H100*(1+I100),2)) -> 1.11 | L100: =IF(E100="","",ROUND(G100*K100,2)) -> 55.34
B101: 6.8. | C101: 5914479 | D101: Transporte com caminhão carroceria de 15 t - rodovia pavimentada - GRAMA+ADITIVOS HIDROSSEMEADURA | E101: tkm | F101: SICRO | G101: 4843.68 | H101: 0.72 | I101: =IF(E101="","",$I$4) -> 0.249 | J101: 136 | K101: =IF(E101="","",ROUND(H101*(1+I101),2)) -> 0.9 | L101: =IF(E101="","",ROUND(G101*K101,2)) -> 4359.31
B102: x
B103: TOTAL GERAL | L103: =L11+L18+L24+L35+L86+L93 -> 2705015.5 | N103: T

Sheet CRON FÍSICO-FINANCEIRO
B2: CRONOGRAMA FISICO-FINANCEIRO | E2: CRONOGRAMA FISICO-FINANCEIRO
B3: Ponte do assentamento de Santa Maria (Flores de Goiás - GO) | I3: Extensão: 0,035 km
I5: Região: GO
B6: Órgão responsável: CODEVASF | I6: Data base: abr/2023 - sem desoneração
B9: ITEM | C9: DISCRIMINAÇÃO | D9: VALOR DA ETAPA | E9: MESES
E10: 1 | F10: 2 | G10: 3 | H10: 4 | I10: 5
B11: 1. | C11: CUSTOS INDIRETOS | E11: =ROUND((E16+E19+E22+E25)/(SUM($D$14:$D$25)),4) -> 0.6099 | F11: =ROUND((F16+F19+F22+F25)/(SUM($D$14:$D$25)),4) -> 0.0888 | G11: =ROUND((G16+G19+G22+G25)/(SUM($D$14:$D$25)),4) -> 0.0888 | H11: =ROUND((H16+H19+H22+H25)/(SUM($D$14:$D$25)),4) -> 0.0888 | I11: =ROUND((I16+I19+I22+I25)/(SUM($D$14:$D$25)),4) -> 0.1238 | J11: =SUM(E11:I11) -> 1.0001
E12: =IF(E11<>0,"=","") -> = | F12: =IF(F11<>0,"=","") -> = | G12: =IF(G11<>0,"=","") -> = | H12: =IF(H11<>0,"=","") -> = | I12: =IF(I11<>0,"=","") -> =
E13: =+ROUND(E11*$D11,4) -> 0 | F13: =+ROUND(F11*$D11,4) -> 0 | G13: =+ROUND(G11*$D11,4) -> 0 | H13: =+ROUND(H11*$D11,4) -> 0 | I13: =+ROUND(I11*$D11,4) -> 0
B14: 1.1 | C14: ADMINISTRAÇÃO LOCAL | D14: =ORÇAMENTO!$L$12 -> 307117.65 | E14: =1/5 -> 0.2 | F14: =1/5 -> 0.2 | G14: =1/5 -> 0.2 | H14: =1/5 -> 0.2 | I14: =1/5 -> 0.2 | J14: =SUM(E14:I14) -> 1
E15: =IF(E14<>0,"=","") -> = | F15: =IF(F14<>0,"=","") -> = | G15: =IF(G14<>0,"=","") -> = | H15: =IF(H14<>0,"=","") -> = | I15: =IF(I14<>0,"=","") -> =
E16: =+ROUND(E14*$D14,4) -> 61423.53 | F16: =+ROUND(F14*$D14,4) -> 61423.53 | G16: =+ROUND(G14*$D14,4) -> 61423.53 | H16: =+ROUND(H14*$D14,4) -> 61423.53 | I16: =+ROUND(I14*$D14,4) -> 61423.53
B17: 1.2 | C17: INSTALAÇÃO DE CANTEIRO DE OBRAS | D17: =ORÇAMENTO!$L$13 -> 353158.97 | E17: 1 | J17: =SUM(E17:I17) -> 1
E18: =IF(E17<>0,"=","") -> = | F18: =IF(F17<>0,"=","") | G18: =IF(G17<>0,"=","") | H18: =IF(H17<>0,"=","") | I18: =IF(I17<>0,"=","")
E19: =+ROUND(E17*$D17,4) -> 353158.97 | F19: =+ROUND(F17*$D17,4) -> 0 | G19: =+ROUND(G17*$D17,4) -> 0 | H19: =+ROUND(H17*$D17,4) -> 0 | I19: =+ROUND(I17*$D17,4) -> 0
B20: 1.3 | C20: MOBILIZAÇÃO E DESMOBILIZAÇÃO | D20: =ORÇAMENTO!$L$14 -> 50937.39 | E20: 0.5 | I20: 0.5 | J20: =SUM(E20:I20) -> 1
E21: =IF(E20<>0,"=","") -> = | F21: =IF(F20<>0,"=","") | G21: =IF(G20<>0,"=","") | H21: =IF(H20<>0,"=","") | I21: =IF(I20<>0,"=","") -> =
E22: =+ROUND(E20*$D20,4) -> 25468.695 | F22: =+ROUND(F20*$D20,4) -> 0 | G22: =+ROUND(G20*$D20,4) -> 0 | H22: =+ROUND(H20*$D20,4) -> 0 | I22: =+ROUND(I20*$D20,4) -> 25468.695
B23: 1.4 | C23: =ORÇAMENTO!D15 -> SERVIÇOS PRELIMINARES | D23: =ORÇAMENTO!$L$11-SUM(ORÇAMENTO!$L$12:$L$14) -> 15345.05 | E23: =1/5 -> 0.2 | F23: =1/5 -> 0.2 | G23: =1/5 -> 0.2 | H23: =1/5 -> 0.2 | I23: =1/5 -> 0.2 | J23: =SUM(E23:I23) -> 1
E24: =IF(E23<>0,"=","") -> = | F24: =IF(F23<>0,"=","") -> = | G24: =IF(G23<>0,"=","") -> = | H24: =IF(H23<>0,"=","") -> = | I24: =IF(I23<>0,"=","") -> =
E25: =+ROUND(E23*$D23,4) -> 3069.01 | F25: =+ROUND(F23*$D23,4) -> 3069.01 | G25: =+ROUND(G23*$D23,4) -> 3069.01 | H25: =+ROUND(H23*$D23,4) -> 3069.01 | I25: =+ROUND(I23*$D23,4) -> 3069.01
B26: 2. | C26: =ORÇAMENTO!$D$18 -> TERRAPLANAGEM | D26: =ORÇAMENTO!$L$18 -> 91024.32 | H26: 0.7 | I26: 0.3 | J26: =SUM(E26:I26) -> 1
E27: =IF(E26<>0,"=","") | F27: =IF(F26<>0,"=","") | G27: =IF(G26<>0,"=","") | H27: =IF(H26<>0,"=","") -> = | I27: =IF(I26<>0,"=","") -> =
E28: =+ROUND(E26*$D26,4) -> 0 | F28: =+ROUND(F26*$D26,4) -> 0 | G28: =+ROUND(G26*$D26,4) -> 0 | H28: =+ROUND(H26*$D26,4) -> 63717.024 | I28: =+ROUND(I26*$D26,4) -> 27307.296
B29: 3. | C29: =ORÇAMENTO!$D$24 -> GABIÃO | D29: =ORÇAMENTO!$L$24 -> 668780.82 | G29: 0.2 | H29: 0.7 | I29: 0.1 | J29: =SUM(E29:I29) -> 1
E30: =IF(E29<>0,"=","") | F30: =IF(F29<>0,"=","") | G30: =IF(G29<>0,"=","") -> = | H30: =IF(H29<>0,"=","") -> = | I30: =IF(I29<>0,"=","") -> =
E31: =+ROUND(E29*$D29,4) -> 0 | F31: =+ROUND(F29*$D29,4) -> 0 | G31: =+ROUND(G29*$D29,4) -> 133756.16 | H31: =+ROUND(H29*$D29,4) -> 468146.57 | I31: =+ROUND(I29*$D29,4) -> 66878.082
B32: 4. | C32: =ORÇAMENTO!$D$35 -> OBRA DE ARTE ESPECIAL | D32: =ORÇAMENTO!$L$35 -> 1136502.7 | E32: 0.2 | F32: 0.35 | G32: 0.25 | H32: 0.15 | I32: 0.05 | J32: =SUM(E32:I32) -> 1
E33: =IF(E32<>0,"=","") -> = | F33: =IF(F32<>0,"=","") -> = | G33: =IF(G32<>0,"=","") -> = | H33: =IF(H32<>0,"=","") -> = | I33: =IF(I32<>0,"=","") -> =
E34: =+ROUND(E32*$D32,4) -> 227300.53 | F34: =+ROUND(F32*$D32,4) -> 397775.93 | G34: =+ROUND(G32*$D32,4) -> 284125.66 | H34: =+ROUND(H32*$D32,4) -> 170475.4 | I34: =+ROUND(I32*$D32,4) -> 56825.132
B35: 5. | C35: =ORÇAMENTO!$D$86 -> SINALIZAÇÃO | D35: =ORÇAMENTO!$L$86 -> 3049.03 | I35: 1 | J35: =SUM(E35:I35) -> 1
E36: =IF(E35<>0,"=","") | F36: =IF(F35<>0,"=","") | G36: =IF(G35<>0,"=","") | H36: =IF(H35<>0,"=","") | I36: =IF(I35<>0,"=","") -> =
E37: =+ROUND(E35*$D35,4) -> 0 | F37: =+ROUND(F35*$D35,4) -> 0 | G37: =+ROUND(G35*$D35,4) -> 0 | H37: =+ROUND(H35*$D35,4) -> 0 | I37: =+ROUND(I35*$D35,4) -> 3049.03
B38: 6. | C38: =ORÇAMENTO!$D$93 -> OBRAS COMPLEMENTARES | D38: =ORÇAMENTO!$L$93 -> 79099.59 | H38: 0.05 | I38: 0.95 | J38: =SUM(E38:I38) -> 1
E39: =IF(E38<>0,"=","") | F39: =IF(F38<>0,"=","") | G39: =IF(G38<>0,"=","") | H39: =IF(H38<>0,"=","") -> = | I39: =IF(I38<>0,"=","") -> =
E40: =+ROUND(E38*$D38,4) -> 0 | F40: =+ROUND(F38*$D38,4) -> 0 | G40: =+ROUND(G38*$D38,4) -> 0 | H40: =+ROUND(H38*$D38,4) -> 3954.9795 | I40: =+ROUND(I38*$D38,4) -> 75144.61
B41: 7. | J41: =SUM(E41:I41) -> 0
E42: =IF(E41<>0,"=","") | F42: =IF(F41<>0,"=","") | G42: =IF(G41<>0,"=","") | H42: =IF(H41<>0,"=","") | I42: =IF(I41<>0,"=","")
E43: =+ROUND(E41*$D41,4) -> 0 | F43: =+ROUND(F41*$D41,4) -> 0 | G43: =+ROUND(G41*$D41,4) -> 0 | H43: =+ROUND(H41*$D41,4) -> 0 | I43: =+ROUND(I41*$D41,4) -> 0
B44: 8. | J44: =SUM(E44:I44) -> 0
E45: =IF(E44<>0,"=","") | F45: =IF(F44<>0,"=","") | G45: =IF(G44<>0,"=","") | H45: =IF(H44<>0,"=","") | I45: =IF(I44<>0,"=","")
E46: =+ROUND(E44*$D44,4) -> 0 | F46: =+ROUND(F44*$D44,4) -> 0 | G46: =+ROUND(G44*$D44,4) -> 0 | H46: =+ROUND(H44*$D44,4) -> 0 | I46: =+ROUND(I44*$D44,4) -> 0
B47: 9. | J47: =SUM(E47:I47) -> 0
E48: =IF(E47<>0,"=","") | F48: =IF(F47<>0,"=","") | G48: =IF(G47<>0,"=","") | H48: =IF(H47<>0,"=","") | I48: =IF(I47<>0,"=","")
E49: =+ROUND(E47*$D47,4) -> 0 | F49: =+ROUND(F47*$D47,4) -> 0 | G49: =+ROUND(G47*$D47,4) -> 0 | H49: =+ROUND(H47*$D47,4) -> 0 | I49: =+ROUND(I47*$D47,4) -> 0
B50: 10. | J50: =SUM(E50:I50) -> 0
E51: =IF(E50<>0,"=","") | F51: =IF(F50<>0,"=","") | G51: =IF(G50<>0,"=","") | H51: =IF(H50<>0,"=","") | I51: =IF(I50<>0,"=","")
E52: =+ROUND(E50*$D50,4) -> 0 | F52: =+ROUND(F50*$D50,4) -> 0 | G52: =+ROUND(G50*$D50,4) -> 0 | H52: =+ROUND(H50*$D50,4) -> 0 | I52: =+ROUND(I50*$D50,4) -> 0
C53: TOTAIS SIMPLES (%) | E53: =+E55/$D$56 -> 0.24784359 | F53: =+F55/$D$56 -> 0.1708931 | G53: =+G55/$D$56 -> 0.17832592 | H53: =+H55/$D$56 -> 0.28494717 | I53: =+I55/$D$56 -> 0.11799023
C54: TOTAIS ACUMULADOS (%) | E54: =+E53 -> 0.24784359 | F54: =+F53+E54 -> 0.41873668 | G54: =+G53+F54 -> 0.5970626 | H54: =+H53+G54 -> 0.88200977 | I54: =+I53+H54 -> 1
C55: TOTAIS SIMPLES (R$) | E55: =E16+E19+E22+E25+E28+E31+E34+E37+E40 -> 670420.73 | F55: =F16+F19+F22+F25+F28+F31+F34+F37+F40 -> 462268.47 | G55: =G16+G19+G22+G25+G28+G31+G34+G37+G40 -> 482374.37 | H55: =H16+H19+H22+H25+H28+H31+H34+H37+H40 -> 770786.52 | I55: =I16+I19+I22+I25+I28+I31+I34+I37+I40 -> 319165.39
C56: TOTAIS ACUMULADOS (R$) | D56: =SUM(D11:D55) -> 2705015.5 | E56: =+E55 -> 670420.73 | F56: =+E56+F55 -> 1132689.2 | G56: =+F56+G55 -> 1615063.6 | H56: =+G56+H55 -> 2385850.1 | I56: =+H56+I55 -> 2705015.5

Sheet BDI 
B1: CODEVASF
B2: COMPOSIÇÃO DA PARCELA DE BDI (BONIFICAÇÃO E DESPESAS INDIRETAS)
B4: Ofício-Circular nº 5124/2023 (SEI DNIT nº 15729844)
B5: Período de vigência: Desde 27 de setembro de 2023
B7: CONSTRUÇÃO RODOVIÁRIA - OBRA
B8: DESPESAS INDIRETAS | D8: DESONERADO | F8: ONERADO
D9: % sobre PV | E9: % sobre CD | F9: % sobre PV | G9: % sobre CD
B10: Administração Central | C10: Variável - f (CD) | D10: 4.57 | E10: =(D10*$D$28)/$D$27-0.01 -> 5.9944683 | F10: 4.8 | G10: =(F10*$F$28)/$F$27 -> 5.9952561
B11: Despesas Financeiras | C11: 1,04% sobre (PV - Lucro) | D11: =D34*(1-D17/100) -> 0.94001411 | E11: =(D11*$D$28)/$D$27 -> 1.2350733 | F11: =D34*(1-F17/100) -> 0.93669748 | G11: =(F11*$F$28)/$F$27 -> 1.1699461
B12: Seguros e Garantias Contratuais | C12: 0,25% do PV | D12: 0.25 | E12: =(D12*$D$28)/$D$27 -> 0.32847201 | F12: 0.25 | G12: =(F12*$F$28)/$F$27 -> 0.31225292
B13: Riscos | C13: 0,50% do PV | D13: 0.5 | E13: =(D13*$D$28)/$D$27 -> 0.65694402 | F13: 0.5 | G13: =(F13*$F$28)/$F$27 -> 0.62450584
C14: Sub-total 1 | D14: =SUM(D10:D13) -> 6.2600141 | E14: =SUM(E10:E13) -> 8.2149577 | F14: =SUM(F10:F13) -> 6.4866975 | G14: =SUM(G10:G13) -> 8.1019609
B16: BENEFÍCIOS | D16: % sobre PV | E16: % sobre CD | F16: % sobre PV | G16: % sobre CD
B17: Lucro | C17: Variável - f (CD) | D17: 6.47 | E17: =(D17*$D$28)/$D$27 -> 8.5008556 | F17: 6.8 | G17: =(F17*$F$28)/$F$27 -> 8.4932794
C18: Sub-total 2 | D18: =SUM(D17) -> 6.47 | E18: =SUM(E17) -> 8.5008556 | F18: =SUM(F17) -> 6.8 | G18: =SUM(G17) -> 8.4932794
B20: TRIBUTOS | D20: % sobre PV | E20: % sobre CD | F20: % sobre PV | G20: % sobre CD
B21: PIS | C21: 0,65% do PV | D21: 0.65 | E21: =(D21*$D$28)/$D$27 -> 0.85402722 | F21: 0.65 | G21: =(F21*$F$28)/$F$27 -> 0.81185759
B22: COFINS | C22: 3,00% do PV | D22: 3 | E22: =(D22*$D$28)/$D$27 -> 3.9416641 | F22: 3 | G22: =(F22*$F$28)/$F$27 -> 3.747035
B23: ISSQN | C23: =CONCATENATE(D23,"% do PV") -> 3% do PV | D23: =$D$38*100 -> 3 | E23: =(D23*$D$28)/$D$27 -> 3.9416641 | F23: =D23 -> 3 | G23: =(F23*$F$28)/$F$27 -> 3.747035
B24: CPRB | C24: 0,00% ou 4,50% do PV | D24: 4.5 | E24: =(D24*$D$28)/$D$27 -> 5.9124962 | G24: =(F24*$F$28)/$F$27 -> 0
C25: Sub-total | D25: =SUM(D21:D24) -> 11.15 | E25: =SUM(E21:E24) -> 14.649852 | F25: =SUM(F21:F24) -> 6.65 | G25: =SUM(G21:G24) -> 8.3059277
B26: BDI COM IMPOSTOS | D26: =D14+D18+D25+0.01 -> 23.890014 | E26: =ROUND(E14+E18+E25,2) -> 31.37 | F26: =F14+F18+F25 -> 19.936697 | G26: =ROUND(G14+G18+G25,2) -> 24.9
B27: Custo Direto - CD | D27: =100-D26 -> 76.109986 | F27: =100-F26 -> 80.063303
D28: 100 | F28: 100
B29: BDI COM IMPOSTOS (%) | C29: Total | D29: =D26 -> 23.890014 | E29: =E26 -> 31.37 | F29: =F26 -> 19.936697 | G29: =G26 -> 24.9
B31: PV = Preço de Venda
B32: CD = Custo Direto
B33: SELIC (Setembro/2023) = 12,75% a.a. | D33: 12.75 | E33: % a.a.
B34: CF = ((1+SELIC)1/12 x (1+INFL)1/12 -1) | D34: =((1+$D$33/100)^(1/12)-1)*100 -> 1.0050402
B35: Seguros e Garantias = 2,5% a.a. sobre 5% do PV - Prazo Médio = 2 anos | D35: =((1+$D$33/100)^(1/12)-1) -> 0.010050402
B37: ISSQN REAL COM A DEDUÇÃO DE MATERIAIS
B38: ISSQN * % MATERIAL ORÇAMENTO | D38: 0.03
